 Dungeon Crawl Stone Soup version 0.20.0-15-g7f486f2 (webtiles) character file.

63 Peloso the Covered (level 3, -13/33 HPs)
             Began as a Minotaur Fighter on June 30, 2017.
             Mangled by a worm (14 damage)
             ... on level 2 of the Dungeon.
             The game lasted 00:02:51 (980 turns).

Peloso the Covered (Minotaur Fighter)                Turns: 980, Time: 00:02:51

Health: -13/33     AC:  9    Str: 20    XL:     3   Next: 89%
Magic:  2/2        EV:  5    Int:  5    God:
Gold:   40         SH:  9    Dex: 10    Spells: 2/2 levels left

rFire    . . .     SeeInvis .   a - +0 long sword
rCold    . . .     Gourm    .   c - +0 shield
rNeg     + . .     Faith    .   s - +0 chain mail (curse)
rPois    .         Spirit   .   (helmet restricted)
rElec    .         Reflect  .   j - scarf {cloud immunity}
rCorr    .         Harm     .   (no gloves)
MR       .....                  (no boots)
Stlth    ..........             (no amulet)
Regen    0.2/turn               r - ring of positive energy
MPRegen  0.1/turn               (no ring)

@: no status effects
A: retaliatory headbutt, horns 2
a: no special abilities


You were on level 2 of the Dungeon.
You were not hungry.

You visited 1 branch of the dungeon, and saw 2 of its levels.

You collected 40 gold pieces.

Inventory:

Hand Weapons
 a - a +0 long sword (weapon)
Armour
 c - a +0 shield (worn)
 j - a scarf of cloud immunity (worn)
 s - a cursed +0 chain mail (worn)
Jewellery
 r - a ring of positive energy (left hand)
Scrolls
 e - 4 scrolls of identify {unknown}
 g - 2 scrolls of recharging {unknown}
 i - a scroll of magic mapping {unknown}
 k - a scroll of fear {unknown}
 l - a scroll of blinking {unknown}
 o - 2 scrolls of remove curse {unknown}
 p - a scroll of random uselessness {unknown}
Potions
 d - a potion of might
 h - a potion of flight {unknown}
 n - 3 potions of mutation {unknown}
 q - a potion of haste {unknown}
Comestibles
 b - 2 fruits
 f - 3 bread rations
 m - a royal jelly


   Skills:
 + Level 4.3 Fighting
 + Level 3.0 Long Blades
 + Level 4.5 Armour
 + Level 0.7 Dodging
 + Level 4.0 Shields


You had 2 spell levels left.
You didn't know any spells.

Dungeon Overview and Level Annotations

Branches:
Dungeon (2/15)

Altars:
Trog


Innate Abilities, Weirdness & Mutations

You reflexively headbutt those who attack you in melee.
You have a pair of horns on your head.


Message History

You kill the worm!
The worm bites you! You block the worm's attack.
A worm comes into view.
You block the worm's attack.
Found a mace, a falchion and a scimitar.
The worm bites you.
You hit the worm. Your headbutt misses the worm.
The worm is moderately wounded.
The worm bites you.
* * * LOW HITPOINT WARNING * * *
The worm bites you.
* * * LOW HITPOINT WARNING * * *
Your shield and chain mail prevent you from hitting the worm.
The worm is lightly wounded.
The worm bites you but does no damage.
You hit the worm.
The worm is moderately wounded.
The worm bites you!
You die...

.......######## ########
..............# #<......
..............# #.......
......#.......### #.......
................###### #.....).
..............###....###
#.......
..............##.......#
####..##
.......########....ww... #...#
.......# #.@..#.... ####...(
.......########w..###...
#......#
......###.....†...#y#._.
####.#.#
.....###.....##...###..) #.#..
#####†...#.####....#...)
####.##. ......###..#
#.......)) #.##....
#########.##
###.......###....... #
##......####.##....###.........
###.............######
##...#....


You could see a moth of wrath and 3 worms.

Vanquished Creatures
  An adder (D:2)
  2 worms (D:2)
  3 dart slugs
  2 leopard geckos (D:1)
  2 bats
  A giant cockroach (D:1)
  5 goblins
  11 hobgoblins
  A ball python (D:2)
  3 frilled lizards
  6 kobolds
  2 rats (D:2)
39 creatures vanquished.

Notes
Turn   | Place    | Note
-------+----------+-------------------------------------------
     0 | D:1      | Peloso the Minotaur Fighter began the quest for the Orb.
     0 | D:1      | Reached XP level 1. HP: 19/19 MP: 0/0
    71 | D:1      | Reached XP level 2. HP: 16/27 MP: 1/1
   503 | D:1      | Reached XP level 3. HP: 33/33 MP: 2/2
   682 | D:2      | Found a faded altar of an unknown god.
   956 | D:2      | Noticed a moth of wrath
   959 | D:2      | Found a bloodstained altar of Trog.
   978 | D:2      | HP: 1/33 [worm (5)]
   980 | D:2      | Mangled by a worm

Skill      XL: |  1  2  3 |
---------------+----------+-----
Armour         | 4 |  4.5
Fighting       | 4 |  4.3
Shields        | 4 |  4.0
Long Blades    | 3 |  3.0
Dodging        | |  0.7

Action                   || total
-------------------------++-------
Melee: Long sword        ||    81
       Headbutt          ||    18
Armor: Scale mail        ||    35
       Chain mail        ||     3
Dodge: Dodged            ||    25
Block: Shield            ||    40
       Rpst.: Long sword ||     2
